 Dungeon Crawl Stone Soup version 0.28.0-43-g3370ac3207 (webtiles) character file.

Game seed: 17915061424241822572

5 terff the Sneak (level 1, 0/14 HPs)
             Began as an Octopode Brigand on Mar 20, 2022.
             Slain by a giant cockroach (1 damage)
             ... on level 2 of the Dungeon.
             The game lasted 00:00:16 (62 turns).

terff the Sneak (Octopode Brigand)                    Turns: 62, Time: 00:00:16

Health: 0/14       AC:  1    Str: 10    XL:     1   Next: 80%
Magic:  1/1        EV: 12    Int: 13    God:
Gold:   0          SH:  0    Dex: 13    Spells: 0/0 levels left

rFire   . . .      SeeInvis .   a - +2 dagger
rCold   . . .      Faith    .   (no shield)
rNeg    . . .      Spirit   .   (helmet restricted)
rPois   .          Reflect  .   (no amulet)
rElec   .          Harm     .   (no ring)
rCorr   .          Rampage  .   (no ring)
Will    .....                   (no ring)
Stlth   ++++......              (no ring)
HPRegen 0.04/turn               (no ring)
MPRegen 0.07/turn               (no ring)
                                (no ring)
                                (no ring)

@: no status effects
A: almost no armour, amphibious, 8 rings, camouflage 1, gelatinous body 1,
(nimble swimmer 1), tentacles
a: no special abilities


You were on level 2 of the Dungeon.
You visited 1 branch of the dungeon, and saw 2 of its levels.

Inventory:

Hand Weapons
 a - a +2 dagger (weapon)
Missiles
 b - 8 poisoned darts (quivered)
 c - 2 curare-tipped darts


   Skills:
 + Level 2.1 Fighting
 + Level 2.0 Short Blades
 + Level 2.0 Throwing
 + Level 1.0 Dodging
 + Level 5.7 Stealth


You couldn't memorise any spells.
You didn't know any spells.
Your spell library was empty.

Dungeon Overview and Level Annotations

Branches:
Dungeon (2/15)

Altars:


Innate Abilities, Weirdness & Mutations

You cannot wear most types of armour.
You are amphibious.
You can wear up to eight rings at the same time.
Your skin changes colour to match your surroundings (Stealth+).
Your rubbery body absorbs attacks. (AC +1, EV +1)
((You are camouflaged when in or above water. (Stealth+)))
You have tentacles for arms and can constrict up to eight enemies at once.


Message History

There is a stone staircase leading down here.
You can't go down here!
There is a stone staircase leading down here.
You climb downwards.
There is a stone staircase leading up here.
A hobgoblin comes into view.
Found a scroll labelled OZXOMM FOPPEDD.
A giant cockroach comes into view.
The giant cockroach bites you.
The hobgoblin shouts!
You hit the hobgoblin. Your grab misses the hobgoblin.
The hobgoblin is moderately wounded.
The giant cockroach closely misses you.
You hit the hobgoblin. Your grab misses the hobgoblin.
The hobgoblin is heavily wounded.
The hobgoblin hits you. The giant cockroach barely misses you.
You hit the giant cockroach but do no damage.
Your grab misses the giant cockroach. The hobgoblin closely misses you.
The giant cockroach bites you but does no damage.
You completely miss the giant cockroach.
Your grab misses the giant cockroach. The hobgoblin hits you.
The giant cockroach bites you.
* * * LOW HITPOINT WARNING * * *
You hit the hobgoblin.
You kill the hobgoblin!
The giant cockroach bites you but does no damage.
You barely miss the giant cockroach. You grab the giant cockroach.
You constrict the giant cockroach, but do no damage.
The giant cockroach bites you.
* * * LOW HITPOINT WARNING * * *
You hit the giant cockroach.
Your squeeze misses the giant cockroach.
The giant cockroach is heavily wounded.
You constrict the giant cockroach. The giant cockroach bites you.
* * * LOW HITPOINT WARNING * * *
You barely miss the giant cockroach.
The giant cockroach is severely wounded.
You constrict the giant cockroach, but do no damage.
The giant cockroach bites you.
You die...

###+## ###
.....# #..
.....+ #.#
.....## #.#
.......
#.##.......
#..B.......
#..@.......
#....?...##
#.#####....
#.# ### #.#
######.#
#<.....#
########


You could see a giant cockroach.

Vanquished Creatures
  A goblin (D:1)
  2 hobgoblins
  A ball python (D:1)
  A kobold (D:1)
5 creatures vanquished.

Notes
Turn   | Place    | Note
-------+----------+-------------------------------------------
     0 | D:1      | terff the Octopode Brigand began the quest for the Orb.
     0 | D:1      | Reached XP level 1. HP: 14/14 MP: 1/1
    62 | D:2      | Slain by a giant cockroach

Illustrated notes

Levels and vault maps discovered:
D:1:      tarquinn_simple_flora_water_d, layout_basic,
          shapermc_ecumenical_altar_starsandcircs, hangedman_feature_mirror,
          hangedman_feature_mirror
D:2:      layout_basic, grunt_decor_resistance

Action                   || total
-------------------------++-------
Melee: Dagger            ||    13
       Constrict         ||     3
       Tentacles         ||     2
Armor: Skin              ||     2
Dodge: Dodged            ||    10
